 Dungeon Crawl Stone Soup version 0.18.1-50-g88ac8fd (webtiles) character file.

1592 JeffiDaFish the Shield-Bearer (level 8, -1/51 HPs)
             Began as a Gargoyle Fighter on May 5, 2017.
             Was an Initiate of Okawaru.
             Slain by an orc warrior
             ... wielding a +0 glaive
              (18 damage)
             ... on level 6 of the Dungeon.
             The game lasted 00:14:04 (5271 turns).

JeffiDaFish the Shield-Bearer (Gargoyle Fighter)    Turns: 5271, Time: 00:14:04

Health: -1/51      AC: 22    Str: 20    XL:     8   Next: 93%
Magic:  8/8        EV:  9    Int:  9    God:    Okawaru [......]
Gold:   257        SH: 10    Dex: 11    Spells: 0 memorised, 7 levels left

rFire  . . .     SeeInvis .     d - +1 flail (crush)
rCold  . . .     Gourm    .     e - +2 scale mail {rPois}
rNeg   + . .     Faith    .     c - +0 shield
rPois  ∞         Spirit   .     (no helmet)
rElec  +         Dismiss  +     k - +1 cloak
rCorr  .         Reflect  .     m - +2 pair of gloves
SustAt .         Harm     .     (no boots)
MR     .....                    n - amulet of dismissal
Stlth  ..........               w - +2 ring of protection
                                r - ring of wizardry

@: not resistant to hostile enchantments, extremely unstealthy
A: negative energy resistance 1, electricity resistance, unbreathing,
petrification resistance, rot immunity, AC +5
a: Renounce Religion


You were on level 6 of the Dungeon.
You worshipped Okawaru.
Okawaru was noncommittal.
You were not hungry.

You visited 2 branches of the dungeon, and saw 7 of its levels.

You collected 257 gold pieces.

Inventory:

Hand Weapons
 d - a +1 flail of crushing (weapon)
Armour
 c - a +0 shield (worn)
 e - a +2 scale mail of poison resistance (worn)
 k - a +1 cloak (worn)
 m - a +2 pair of gloves (worn)
Jewellery
 n - an amulet of dismissal (around neck)
 r - a ring of wizardry (left hand)
 w - a +2 ring of protection (right hand)
Wands
 q - a wand of flame (25/48)
Scrolls
 a - a scroll of magic mapping
 l - a scroll of teleportation
 s - a scroll of identify
 t - a scroll of amnesia
 u - 2 scrolls of blinking
Potions
 b - a potion of cure mutation
 g - 2 potions of heal wounds
 i - 2 potions of haste
 o - 2 potions of curing
Books
 h - a Fen Folio

   Spells                             Type                      Level
   a - Corpse Rot                     Necromancy                   2
   b - Stone Arrow                    Conjuration/Earth            3
   c - Leda's Liquefaction            Hexes/Earth                  4
   d - Summon Forest                  Summoning/Translocation      5
   e - Hydra Form                     Transmutation                6
   f - Summon Hydra                   Summoning                    7
 j - a book of Debilitation

   Spells                             Type                      Level
   a - Corona                         Hexes                        1
   b - Slow                           Hexes                        2
   c - Gell's Gravitas                Hexes/Translocation          3
   d - Inner Flame                    Hexes/Fire                   3
   e - Cause Fear                     Hexes                        4
   f - Leda's Liquefaction            Hexes/Earth                  4
 v - a Grand Grimoire

   Spells                             Type                      Level
   a - Monstrous Menagerie            Summoning                    7
   b - Summon Greater Demon           Summoning                    7
   c - Malign Gateway                 Summoning/Translocation      7
   d - Summon Horrible Things         Summoning                    8
Comestibles
 f - 9 bread rations
 p - 2 meat rations


   Skills:
 + Level 6.0 Fighting
 + Level 5.3 Maces & Flails
 + Level 5.5 Armour
 + Level 3.9 Dodging
 + Level 1.0 Stealth
 + Level 6.8 Shields


You had 7 spell levels left.
You didn't know any spells.

Dungeon Overview and Level Annotations

Branches:
Dungeon (6/15)             Temple (1/1) D:5

Altars:
Cheibriados
Dithmenos
Elyvilon
Gozag
Kikubaaqudgha
Makhleb
Okawaru
Qazlal
Sif Muna
Trog
Vehumet
Zin


Innate Abilities, Weirdness & Mutations

You are resistant to torment.
Your stone body is resilient (AC +5).
You are immune to poison.
You resist negative energy.
You are resistant to electric shocks.
You can survive without breathing.
You are immune to petrification.
You are immune to rotting.


Message History

You hit the orc warrior.
The orc warrior is lightly wounded.
The orc warrior barely misses you.
You closely miss the orc warrior.
The orc warrior is lightly wounded.
The orc warrior hits you but does no damage.
The orc priest mumbles some strange prayers to Beogh against you.
Pain shoots through your body!
Your amulet of dismissal vibrates suddenly!
The orc priest disappears!
You barely miss the orc warrior.
The orc warrior is lightly wounded.
You block the orc warrior's attack.
You barely miss the orc warrior.
The orc warrior is lightly wounded.
You block the orc warrior's attack.
You sock the orc warrior!
The orc warrior is almost dead.
The orc warrior hits you with a glaive!!
You die...

#.............. ...........#
#####.#.....##### #####..###.#
......##...## #..# #.# ######
#...##### ######..# #.#
#.#..)..###.....#..# #.# # ..
.##..........#..###.### # .##
###.<.................. # .
#..........#..###.### ######>#
#...@<)....#..# #.# .......#
#....o######..# #.# ########
##............# #.# #
##.########.## #.# # #.##### #.#
#)# # #.....## #.# #.# #
#####..###.####.### #
########.#.##.........
############.......###.#####...##


You could see an orc warrior.

Vanquished Creatures
  Menkaure (D:5)
  Edmund (D:5)
  A water moccasin (D:6)
  2 sky beasts (D:6)
  2 ogres
  A phantom (D:4)
  A scorpion (D:6)
  3 wights (D:6)
  2 crimson imps
  3 hounds
  A centaur skeleton (D:4)
  An orc priest (D:5)
  Crazy Yiuf (D:2)
  2 iguanas
  2 orc wizards
  3 worker ants
  A worker ant zombie (D:5)
  4 gnolls (D:6)
  A howler monkey skeleton (D:4)
  9 adders
  A shadow imp (D:6)
  2 adder skeletons (D:4)
  An adder zombie (D:6)
  A worm (D:2)
  5 dart slugs
  3 giant geckos
  15 orcs
  3 ball pythons
  6 giant cockroaches
  6 goblins
  7 hobgoblins
  4 jackals (D:3)
  9 kobolds
  5 quokkas
  A ball python skeleton (D:4)
  3 bats (D:1)
  A giant cockroach zombie (D:5)
  5 giant newts
  A jackal skeleton (D:4)
  7 rats
128 creatures vanquished.

Notes
Turn   | Place    | Note
--------------------------------------------------------------
     0 | D:1      | JeffiDaFish the Gargoyle Fighter began the quest for the Orb.
     0 | D:1      | Reached XP level 1. HP: 14/14 MP: 1/1
   156 | D:1      | Reached XP level 2. HP: 19/19 MP: 2/2
   705 | D:2      | Reached XP level 3. HP: 24/24 MP: 3/3
   872 | D:2      | Found an iron altar of Okawaru.
  1018 | D:2      | Reached XP level 4. HP: 29/29 MP: 4/4
  1377 | D:2      | Noticed Crazy Yiuf
  1393 | D:2      | Killed Crazy Yiuf
  1393 | D:2      | Reached skill level 1 in Dodging
  1701 | D:3      | Reached XP level 5. HP: 33/33 MP: 5/5
  1821 | D:3      | Found an opulent altar of Gozag.
  2009 | D:3      | Found a glowing silver altar of Zin.
  2010 | D:3      | Noticed an angel
  2247 | D:4      | Found a stormy altar of Qazlal.
  2257 | D:4      | Noticed an ogre
  2261 | D:4      | Killed an ogre
  2261 | D:4      | Reached XP level 6. HP: 27/39 MP: 6/6
  2625 | D:5      | Entered Level 5 of the Dungeon
  2625 | D:5      | Noticed a phantom
  2707 | D:4      | Killed a phantom
  2707 | D:4      | Reached skill level 5 in Shields
  2768 | D:4      | Reached XP level 7. HP: 33/44 MP: 7/7
  3334 | D:5      | Noticed Edmund
  3337 | D:5      | Noticed Menkaure
  3352 | D:5      | Killed Menkaure
  3352 | D:5      | Reached skill level 5 in Fighting
  3357 | D:5      | Killed Edmund
  3601 | D:5      | Found a staircase to the Ecumenical Temple.
  3640 | D:5      | Reached XP level 8. HP: 50/50 MP: 8/8
  4251 | D:6      | Found a radiant altar of Vehumet.
  4352 | D:6      | Reached skill level 5 in Maces & Flails
  4352 | D:6      | Reached skill level 1 in Stealth
  4366 | D:6      | Reached skill level 5 in Armour
  4796 | Temple   | Entered the Ecumenical Temple
  4816 | Temple   | Became a worshipper of Warmaster Okawaru
  5271 | D:6      | Slain by an orc warrior

Skill      XL: |  1  2  3  4  5  6  7  8 |
---------------+-------------------------+-----
Fighting       | 4 5 6 |  6.0
Armour         | 4 5 |  5.5
Dodging        | 1 2 3 |  3.9
Shields        | 4 5 6 |  6.8
Maces & Flails | 3 4 5 |  5.3
Stealth        | 1 |  1.0

Action                   |  1- 3 |  4- 6 |  7- 9 || total
-------------------------+-------+-------+-------++-------
Melee: Flail             |   116 |   267 |   291 ||   674
Evoke: Wand              |       |       |     1 ||     1
  Use: Potion            |     4 |     4 |     3 ||    11
       Scroll            |     7 |     6 |     4 ||    17
  Eat: Chunk             |     1 |     6 |     7 ||    14
       Meat ration       |       |       |     1 ||     1
Armor: Scale mail        |    34 |   186 |   132 ||   352
       Chain mail        |    41 |       |       ||    41
Dodge: Dodged            |    23 |    90 |    84 ||   197
Block: Shield            |    52 |   135 |   133 ||   320
